 Dungeon Crawl Stone Soup version 0.29.1-2-gbd0b4ee654 (webtiles) character file.

Game seed: 2500406804021790801

1330 RKaid the Gusty (level 8, 0/54 HPs)
             Began as an Octopode Air Elementalist on Nov 30, 2022.
             Slain by an ice beast (3 damage)
             ... on level 6 of the Dungeon on Dec 1, 2022.
             The game lasted 00:20:35 (6689 turns).

RKaid the Gusty (Octopode Air Elementalist)         Turns: 6689, Time: 00:20:35

Health: 0/54       AC:  1    Str:  7    XL:     8   Next: 60%
Magic:  14/14      EV: 14    Int: 19    God:
Gold:   251        SH:  0    Dex: 15    Spells: 15/16 levels left

rFire   . . .      SeeInvis .   q - +7 trident "Winkopos" {vorpal, *Noise rElec rCorr Dex+2}
rCold   . . .      Faith    .   (no shield)
rNeg    . . .      Spirit   .   (helmet restricted)
rPois   .          Reflect  .   (no amulet)
rElec   +          Harm     .   d - ring of flight {+Fly}
rCorr   +          Rampage  .   (no ring)
Will    .....                   (no ring)
Stlth   +++.......              (no ring)
HPRegen 0.18/turn               (no ring)
MPRegen 0.14/turn               (no ring)
                                (no ring)
                                (no ring)

@: on berserk cooldown, flying
A: almost no armour, amphibious, 8 rings, camouflage 1, gelatinous body 1,
(nimble swimmer 1), tentacles
a: no special abilities


You were on level 6 of the Dungeon.
You visited 2 branches of the dungeon, and saw 7 of its levels.

You collected 251 gold pieces.

Inventory:

Hand Weapons
 q - the +7 trident "Winkopos" (weapon) {vorpal, *Noise rElec rCorr Dex+2}
   (You found it on level 4 of the Dungeon)

   It inflicts extra damage upon your enemies.
   Dex:       It affects your dexterity (+2).
   rElec:     It insulates you from electricity.
   *Noise:    It may make noises in combat.
   rCorr:     It protects you from acid and corrosion.
Missiles
 j - 5 poisoned darts (quivered)
Jewellery
 d - a ring of flight (left tentacle) {+Fly}
   (You found it on level 1 of the Dungeon)
 s - an amulet of faith {Faith, !P}
   (You found it on level 3 of the Dungeon)
Wands
 a - a wand of flame (18)
   (You took it off an orc on level 4 of the Dungeon)
 f - a wand of charming (7)
   (You found it on level 6 of the Dungeon)
 m - a wand of polymorph (8)
   (You took it off Edmund on level 6 of the Dungeon)
Scrolls
 c - a scroll of torment {unknown}
 e - a scroll of fear
 h - 2 scrolls of enchant weapon
 i - 2 scrolls of identify
 t - 4 scrolls of teleportation
Potions
 b - 2 potions of might
 g - a potion of berserk rage {!q}
 k - 2 potions of attraction {!q}
 l - a potion of degeneration {unknown}
 r - a potion of brilliance {unknown}


   Skills:
 + Level 4.3 Fighting
 - Level 3.2 Dodging
 - Level 2.6 Stealth
 + Level 4.5 Spellcasting
 + Level 4.5 Conjurations
 * Level 6.6 Air Magic


You had 15 spell levels left.
You knew the following spells:

 Your Spells              Type           Power      Damage    Failure   Level
a - Shock                 Conj/Air       100%       1d9       1%          1

Your spell library contained the following spells:

 Spells                   Type           Power      Damage    Failure   Level
 Static Discharge         Conj/Air       25%        3-7/arc   1%          2
 Swiftness                Air            29%        N/A       2%          3
 Airstrike                Air            14%        2d(3-19)  9%          4
 Ozocubu's Armour         Ice            4%         N/A       36%         3
 Ozocubu's Refrigeration  Ice            2%         4d7       100%        7


Dungeon Overview and Level Annotations

Branches:
Dungeon (6/15)             Temple (1/1) D:6

Altars:
Ashenzari
Dithmenos
Elyvilon
Fedhas
Kikubaaqudgha
Makhleb
Okawaru
Qazlal
Ru
Sif Muna
Trog
Uskayaw
Vehumet
Wu Jian
Yredelemnul
Zin
The Shining One

Shops:
D:5 :

Annotations:
D:3 1 runed translucent door, Crazy Yiuf
D:5 Sigmund
D:6 Blork the orc


Innate Abilities, Weirdness & Mutations

You cannot wear most types of armour.
You are amphibious.
You can wear up to eight rings at the same time.
Your skin changes colour to match your surroundings (Stealth+).
Your rubbery body absorbs attacks. (AC +1, EV +1)
((You are camouflaged when in or above water. (Stealth+)))
You have tentacles for arms and can constrict up to eight enemies at once.


Message History

Aim: a hound (heavily wounded, 64% to hit)
The zap hits the hound.
The hound closely misses you. The hound bites you but does no damage.
Casting: Shock (safe; 1% risk of failure)
Confirm with . or Enter, or press ? or * to list all spells.
Aiming: Shock (safe; 1% risk of failure)
Press: ? - help, Shift-Dir - straight line, f - howler monkey, p - hound
Aim: a howler monkey (heavily wounded, 71% to hit)
The zap hits the hound!
You kill the hound!
The zap hits the howler monkey.
Casting: Shock (safe; 1% risk of failure)
Confirm with . or Enter, or press ? or * to list all spells.
Aiming: Shock (safe; 1% risk of failure)
Press: ? - help, Shift-Dir - straight line, f/p - howler monkey
Aim: a howler monkey (almost dead, 71% to hit)
The zap misses the howler monkey.
The howler monkey hoots and howls with incredible vigour!
You hear an angry hiss.
You hit the howler monkey.
You kill the howler monkey!
A hound comes into view.
The hound barks!
You see here a howler monkey corpse.
The hound barks!
The hound barely misses you. The hound barely misses you.
An adder comes into view.
The hound barely misses you. The hound attacks as you move away!
The hound bites you but does no damage.
A sky beast comes into view.
Casting: Shock (safe; 1% risk of failure)
Confirm with . or Enter, or press ? or * to list all spells.
Aiming: Shock (safe; 1% risk of failure)
Press: ? - help, Shift-Dir - straight line The zap hits the hound.
The hound closely misses you. The adder closely misses you.
The hound completely misses you.
You puncture the hound!
You kill the hound!
The adder misses you. The adder closely misses you.
The adder attacks as you move away! The adder completely misses you.
The adder barely misses you.
Really quaff
g - 2 potions of berserk rage {!q}?
A red film seems to cover your vision as you go berserk!
You feel yourself moving faster!
You feel mighty! The adder bites you.
* * * LOW HITPOINT WARNING * * *
You are too injured to fight recklessly!
You are too injured to fight recklessly!
You are too injured to fight recklessly!
You are too injured to fight recklessly!
You closely miss the adder. Your grab misses the adder.
The adder closely misses you.
You puncture the adder!
You kill the adder!
The sky beast hits you.
* * * LOW HITPOINT WARNING * * *
The sky beast shocks you. You resist.
* * * LOW HITPOINT WARNING * * *
You see here an adder corpse.
You hit the sky beast.
You hear the quick hiss of an avalanche of sand nearby.
The sky beast flickers out of sight!
Deactivating autopickup; reactivate with Ctrl-A.
Something hits you.
* * * LOW HITPOINT WARNING * * *
Something shocks you. You resist.
* * * LOW HITPOINT WARNING * * *
You miss something. You squeeze something! Something hits you.
* * * LOW HITPOINT WARNING * * *
Something shocks you. You resist.
* * * LOW HITPOINT WARNING * * *
You puncture something!
Reactivating autopickup.
You feel a bit more experienced.
You feel a strong urge to attack something.
You are no longer berserk.
You are exhausted.
You feel yourself slow down.
An iguana comes into view.
You closely miss the iguana. You grab the iguana. You constrict the iguana.
The iguana closely misses you. The iguana misses you.
You puncture the iguana!
You squeeze the iguana, but do no damage.
You constrict the iguana.
You kill the iguana!
You see here an iguana corpse.
An ice beast comes into view.
The ice beast moves out of view.
You hit the ice beast. Your squeeze misses the ice beast.
You feel yourself speed up. The ice beast closely misses you.
The ice beast misses you.
You barely miss the ice beast. The ice beast hits you.
* * * LOW HITPOINT WARNING * * *
The ice beast freezes you!
* * * LOW HITPOINT WARNING * * *
You hit the ice beast but do no damage. Your squeeze misses the ice beast.
You hear the rapid hiss of an avalanche of sand nearby.
The ice beast hits you.
You die...

##.#.....#.###.# ...h
..###†..###...###..
...#.###.#.S...#.##
..#...#.†.#...#J..#
###...#...#####...#
#...#...#...#...# .#
...#.###.#††...#.###.#
..###...###...###...##
##.#.....#.###.#@Y...#
#...#...#...#...#...#...
#...#####...#...##### .
#.. #...#...# ##.
.....#.###.#....!# .
#...###†..###...## ..
#.### #.....# ###.# .
#...#...#(..# .#
#...#####...#


You could see an ice beast.

Vanquished Creatures
  Prince Ribbit (D:6)
  Edmund (D:6)
  A water moccasin (D:6)
  A sky beast (D:6)
  A black bear (D:5)
  A scorpion (D:5)
  2 howler monkeys (D:6)
  8 hounds
  A jelly (D:6)
  3 iguanas
  An orc wizard (D:4)
  2 gnolls (D:5)
  12 adders
  An ufetubus (D:5)
  3 worms
  A dart slug (D:1)
  4 orcs (D:4)
  6 ball pythons
  5 bats
  5 endoplasms
  3 giant cockroaches
  8 goblins
  7 hobgoblins
  7 jackals
  2 quokkas
  5 frilled lizards
  9 kobolds
  5 rats
106 creatures vanquished.

Vanquished Creatures (others)
  A gnoll bouda (D:5)
  A gnoll (D:5)
2 creatures vanquished.

Grand Total: 108 creatures vanquished

Notes
Turn   | Place    | Note
-------+----------+-------------------------------------------
     0 | D:1      | RKaid the Octopode Air Elementalist began the quest for the
                  | Orb.
     0 | D:1      | Reached XP level 1. HP: 11/11 MP: 3/3
   442 | D:1      | Reached XP level 2. HP: 18/18 MP: 1/5
  1005 | D:1      | Found a faded altar of an unknown god.
  1097 | D:1      | Reached XP level 3. HP: 22/22 MP: 4/6
  1314 | D:1      | Reached skill level 1 in Fighting
  2222 | D:2      | Reached XP level 4. HP: 28/28 MP: 0/7
  2664 | D:2      | You are sucked into a shaft and drop 2 floors!
  2877 | D:3      | Found a sacrificial altar of Ru.
  3013 | D:3      | Reached skill level 2 in Conjurations
  3359 | D:3      | Found a stormy altar of Qazlal.
  3631 | D:3      | Found a runed translucent door.
  3632 | D:3      | Noticed Crazy Yiuf
  3774 | D:4      | Reached XP level 5. HP: 26/34 MP: 0/9
  4122 | D:4      | Reached skill level 2 in Fighting
  4133 | D:4      | HP: 7/34 [something (4)]
  4137 | D:4      | Reached skill level 3 in Dodging
  4623 | D:4      | Identified the +7 trident "Winkopos" {vorpal, *Noise rElec
                  | rCorr Dex+2}
  4741 | D:4      | Found a white marble altar of Elyvilon.
  4846 | D:4      | Reached skill level 3 in Spellcasting
  4894 | D:5      | Entered Level 5 of the Dungeon
  4894 | D:5      | Noticed a black bear
  4927 | D:5      | Found a glowing golden altar of the Shining One.
  4972 | D:5      | Found Joischuest's Book Shoppe.
  4988 | D:5      | Reached skill level 4 in Air Magic
  4988 | D:5      | Reached XP level 6. HP: 28/39 MP: 3/10
  5354 | D:5      | Reached skill level 3 in Conjurations
  5377 | D:5      | Reached XP level 7. HP: 45/45 MP: 4/12
  5459 | D:5      | Reached skill level 3 in Fighting
  5544 | D:5      | Noticed Sigmund
  5573 | D:5      | HP: 7/46 [gnoll/+0 spear[a gnoll bouda] (7)]
  5909 | D:5      | Reached skill level 5 in Air Magic
  6313 | D:6      | Found a staircase to the Ecumenical Temple.
  6314 | D:6      | Noticed Prince Ribbit
  6324 | D:6      | Killed Prince Ribbit
  6331 | Temple   | Entered the Ecumenical Temple
  6496 | D:6      | Reached skill level 4 in Spellcasting
  6496 | D:6      | Reached XP level 8. HP: 50/53 MP: 5/14
  6512 | D:6      | Noticed Edmund
  6519 | D:6      | HP: 9/49 [Edmund/+6 flail of draining (8)]
  6523 | D:6      | Killed Edmund
  6524 | D:6      | Reached skill level 4 in Conjurations
  6542 | D:6      | Noticed Blork the orc
  6630 | D:6      | Reached skill level 4 in Fighting
  6630 | D:6      | Reached skill level 6 in Air Magic
  6653 | D:6      | HP: 20/81 [sky beast (4)]
  6688 | D:6      | HP: 11/54 [ice beast (4)]
  6688 | D:6      | HP: 3/54 [ice beast (8)]
  6689 | D:6      | Slain by an ice beast

Illustrated notes

Levels and vault maps discovered:
D:1:      dpeg_arrival_solitude, layout_basic, ebering_ecumenical_altar_mist
D:2:      layout_loops_corners
D:3:      layout_basic, overflow_temple_1_default,
          nicolae_overflow_crystal_walls, minmay_crystal_room,
          uniq_crazy_yiuf_cottage
D:4:      layout_basic, pf_just_have_faith
D:5:      layout_rooms, tso_metal_star, serial_shops, shop, uniq_sigmund
D:6:      nicolae_cairo_tiling, layout_rooms, temple_green, enter_ossuary_4,
          uniq_prince_ribbit1, uniq_blork_the_orc, uniq_edmund
Temple:   nicolae_temple_ecumenical_triangle

Skill      XL: |  1  2  3  4  5  6  7  8 |
---------------+-------------------------+-----
Fighting       | 1 2 3 4 |  4.3
Conjurations   | 2 3 4 |  4.5
Dodging        | 3 |  3.2
Spellcasting   | 3 4 |  4.5
Air Magic      | 4 5 6 |  6.6
Stealth        | |  2.6

Action                   |  1- 3 |  4- 6 |  7- 9 || total
-------------------------+-------+-------+-------++-------
Melee: Unarmed           |    13 |    10 |       ||    23
       Constrict         |     3 |     6 |     8 ||    17
       Tentacles         |     3 |     7 |     8 ||    18
       Punch             |     1 |     1 |       ||     2
       Trident           |       |    10 |    24 ||    34
Throw: Dart              |       |       |     7 ||     7
 Cast: Shock             |    88 |   130 |    53 ||   271
Evoke: Wand              |       |       |     3 ||     3
  Use: Scroll            |       |     7 |     3 ||    10
       Potion            |       |     1 |     3 ||     4
 Stab: Sleeping          |       |     1 |       ||     1
Armor: Skin              |     4 |     5 |     5 ||    14
Dodge: Dodged            |    24 |    36 |    44 ||   104

Table legend: (Time is in decaauts)
 A = Elapsed time spent in this place.
 B = Non-inter-level travel time spent in this place.
 C = Inter-level travel time spent in this place.
 D = Time resting spent in this place.
 E = Time spent auto-exploring this place.
 F = Levels seen in this place.
 G = Mean time per level.
                   A        B        C        D        E       F      G
               +--------+--------+--------+--------+--------+-----+--------+
         Total |   6713 |   6507 |    206 |   2597 |   2462 |   7 |  959.0 |
       Dungeon |   6589 |   6383 |    206 |   2504 |   2462 |   6 | 1098.2 |
        Temple |    123 |    123 |      0 |     93 |      0 |   1 |  123.0 |
               +--------+--------+--------+--------+--------+-----+--------+

Top non-repeatable levels by time:
     D:1: 1597 daAuts
     D:4: 1549 daAuts
     D:2: 1197 daAuts
     D:3: 1015 daAuts
     D:5: 861 daAuts
     D:6: 368 daAuts
  Temple: 123 daAuts

Table legend:
 A = Kills in this place as a percentage of kills in entire the game.
 B = Kills by you in this place as a percentage of kills by you in the entire game.
 C = Kills by friends in this place as a percentage of kills by friends in the entire game.
 D = Other kills in this place as a percentage of other kills in the entire game.
 E = Experience gained in this place as a percentage of experience gained in the entire game.
 F = Experience gained in this place divided by the number of levels of this place that you have seen.
                   A       B       C       D       E      F
               +-------+-------+-------+-------+-------+----------------------
         Total | 100.0 | 100.0 |   N/A | 100.0 | 100.0 | 271.6
       Dungeon | 100.0 | 100.0 |   N/A | 100.0 | 100.0 | 316.8
               +-------+-------+-------+-------+-------+----------------------
